 Dungeon Sprint DCSS version 0.16-a0-3827-g034e2a6 (console) character file.

581 Monkaria the Carver (level 7, -27/74 HPs)
             Began as a Hill Orc Fighter on Jan 29, 2015.
             Was a Plaything of Xom.
             Killed by an exploding giant spore (32 damage)
             ... in the Dungeon (Sprint IX: "|||||||||||||||||||||||||||||").
             The game lasted 00:01:37 (245 turns).

Monkaria the Carver (Hill Orc Fighter)               Turns: 245, Time: 00:01:37

Health: -27/74     AC: 12    Str: 24    XL:     7   Next: 36%
Magic:  7/7        EV:  5    Int: 11    God:    Xom [..*...]
Gold:   0          SH:  0    Dex: 10    Spells: 0 memorised, 6 levels left

rFire  . . .     SeeInvis .     p - +2 scimitar (holy)
rCold  . . .     Clarity  .     s - +1 chain mail
rNeg   . . .     SustAb   .     c - +0 shield
rPois  .         Gourm    .     (no helmet)
rElec  .         Spirit   .     q - +0 cloak
rCorr  .         Warding  .     (no gloves)
rMut   .         NoTele   +     r - +0 pair of boots
MR     .....                    (no amulet)
Stlth  ..........               u - +3 ring of intelligence
                                t - +3 ring of strength

@: confused, not resistant to hostile enchantments, extremely unstealthy
A: no striking features
a: Renounce Religion


You were in the Dungeon.
You worshipped Xom.
You were a toy of Xom.
You were not hungry.

You visited 1 branch

Inventory:

Hand weapons
 p - a +2 scimitar of holy wrath (weapon)
Armour
 c - a +0 shield (worn)
 q - a +0 cloak (worn)
 r - a +0 pair of boots (worn)
 s - a +1 chain mail (worn)
Jewellery
 t - a +3 ring of strength (left hand)
 u - a +3 ring of intelligence (right hand)
Magical devices
 o - a wand of cold (7)
Scrolls
 k - 2 scrolls of blinking
 m - 3 scrolls of remove curse
 n - 2 scrolls of amnesia
Potions
 e - a potion of might
 f - 5 potions of curing
 h - a potion of invisibility
 i - 4 potions of magic
 j - a potion of berserk rage
 l - 2 potions of heal wounds
Comestibles
 d - a meat ration
 g - 3 chunks of flesh


   Skills:
 + Level 11.1 Fighting
 * Level 13.4 Long Blades
 - Level 3.2 Armour
 - Level 3.2 Shields


You had 6 spell levels left.
You didn't know any spells.

Dungeon Overview and Level Annotations

Branches:
Dungeon (1/1)

Altars:
Cheibriados
Dithmenos
Elyvilon
Fedhas
Gozag
Kikubaaqudgha
Makhleb
Nemelex Xobeh
Okawaru
Qazlal
Ru
Sif Muna
Trog
Vehumet
Xom
Yredelemnul
Zin
The Shining One
Beogh
Jiyva
Lugonu


Message History

Your Fighting skill gained 3 levels and is now at level 11!
Your Long Blades skill gained 4 levels and is now at level 13!
You have reached level 6!
Your experience leads to an increase in your attributes!
Your base attributes are Str 20, Int 8, Dex 10.
Increase (S)trength, (I)ntelligence, or (D)exterity?
You feel stronger.
You have reached level 7!
A ballistomycete grows in the wake of the giant spore.
The adder bites the ballistomycete.
The adder bites the ballistomycete.
You hit the kobold.
You kill the kobold!
The adder bites the ballistomycete.
The adder bites the ballistomycete.
The giant spore explodes!
The explosion of spores engulfs you!
You are confused.
You die...
Xom guffaws! ▓▓▓▓▓▓▓▓▓▓▓▓▓▓▓▓▓▓▓▓▓▓▓▓▓▓▓ _________'..|)bb@.)).PS...+ ▓▓▓▓▓▓▓▓▓▓▓▓▓▓▓▓▓▓▓▓▓▓▓▓▓▓▓

You could see an adder.

Vanquished Creatures
  A hill giant (D)
  An ice beast (D)
  2 worker ants (D)
  A shadow imp (D)
  An orc (D)
  A bat (D)
  A hobgoblin (D)
  4 kobolds (D)
  A giant newt (D)
  A quokka skeleton (D)
14 creatures vanquished.

Notes
Turn   | Place    | Note
--------------------------------------------------------------
     0 | D        | Monkaria, the Hill Orc Fighter, began the quest for the Orb.
     0 | D        | Reached XP level 1. HP: 19/19 MP: 1/1
    15 | D        | Reached skill level 4 in Fighting
   103 | D        | Noticed an ice beast
   103 | D        | Noticed a worker ant
   122 | D        | Killed an ice beast
   122 | D        | Reached skill level 7 in Fighting
   122 | D        | Reached skill level 8 in Long Blades
   122 | D        | Reached XP level 2. HP: 28/34 MP: 2/2
   122 | D        | Reached XP level 3. HP: 32/39 MP: 3/3
   122 | D        | Reached XP level 4. HP: 38/47 MP: 4/4
   134 | D        | Killed a worker ant
   134 | D        | Reached XP level 5. HP: 27/53 MP: 5/5
   135 | D        | Reached skill level 9 in Long Blades
   159 | D        | Found a glowing silver altar of Zin.
   159 | D        | Found a glowing golden altar of the Shining One.
   159 | D        | Found an ancient bone altar of Kikubaaqudgha.
   159 | D        | Found a basalt altar of Yredelemnul.
   159 | D        | Found a shimmering altar of Xom.
   159 | D        | Found a radiant altar of Vehumet.
   159 | D        | Found an iron altar of Okawaru.
   160 | D        | Found a burning altar of Makhleb.
   161 | D        | Found a deep blue altar of Sif Muna.
   162 | D        | Found a bloodstained altar of Trog.
   163 | D        | Found a sparkling altar of Nemelex Xobeh.
   164 | D        | Found a white marble altar of Elyvilon.
   165 | D        | Found a roughly hewn altar of Beogh.
   166 | D        | Became a worshipper of Xom the Random
   167 | D        | Found a viscous altar of Jiyva.
   168 | D        | Found a corrupted altar of Lugonu.
   169 | D        | Found a blossoming altar of Fedhas.
   170 | D        | Found a snail-covered altar of Cheibriados.
   171 | D        | Found a shadowy altar of Dithmenos.
   172 | D        | Found a stormy altar of Qazlal.
   173 | D        | Found an opulent altar of Gozag.
   174 | D        | Found a sacrificial altar of Ru.
   229 | D        | Noticed a worker ant
   229 | D        | Noticed a hill giant
   236 | D        | XOM: harmless Fire miscast
   237 | D        | Killed a worker ant
   240 | D        | XOM: butterfly on damage
   242 | D        | Killed a hill giant
   242 | D        | Reached skill level 11 in Fighting
   242 | D        | Reached skill level 13 in Long Blades
   242 | D        | Reached XP level 6. HP: 5/68 MP: 6/6
   242 | D        | Reached XP level 7. HP: 5/74 MP: 7/7
   245 | D        | Killed by an exploding giant spore

Action                   |  1- 3 |  4- 6 |  7- 9 || total
-------------------------+-------+-------+-------++-------
Melee: Long sword        |    35 |    12 |       ||    47
       Scimitar          |       |    13 |     1 ||    14
  Use: Potion            |     2 |       |       ||     2
